 Dungeon Crawl Stone Soup version 0.18-a0-1577-gf591c28 (webtiles) character file.

405 Fabri the Ducker (level 6, -7/50 HPs)
             Began as a Deep Dwarf Artificer on Mar 19, 2016.
             Mangled by an ogre
             ... wielding a +0 giant club
              (21 damage)
             ... on level 5 of the Dungeon.
             The game lasted 00:14:31 (3927 turns).

Fabri the Ducker (Deep Dwarf Artificer)             Turns: 3927, Time: 00:14:31

Health: -7/50      AC:  4    Str: 12 (14) XL:     6   Next: 56%
Magic:  9/9        EV: 16    Int: 13      God:
Gold:   142        SH:  0    Dex: 10 (13) Spells: 1 memorised, 3 levels left

rFire  . . .     SeeInvis .     m - +0 dagger (vamp)
rCold  . . .     Gourm    .     b - +0 leather armour
rNeg   . . .     Faith    .     (no shield)
rPois  +         Spirit   .     (no helmet)
rElec  .         Dismiss  .     G - +0 cloak
rCorr  .         Reflect  .     (no gloves)
SustAt .         Harm     .     j - +0 pair of boots
MR     .....     Clarity  +     (no amulet)
Stlth  +.........               (no ring)
                                l - +3 ring of evasion

@: non-regenerating, not resistant to hostile enchantments, very unstealthy
A: damage resistance, recharge devices, blurry vision 1, clarity, clumsy 1,
deformed body, sense surroundings 1, poison resistance, screaming 1, slow
regeneration 3, wild magic 1
a: Device Recharging


You were on level 5 of the Dungeon.
You were not hungry.

You visited 1 branch of the dungeon, and saw 5 of its levels.

You collected 142 gold pieces.

Inventory:

Hand Weapons
 a - a +0 short sword
 m - a +0 vampiric dagger (weapon)
 p - a +0 whip of holy wrath
 v - a +0 blowgun
 F - a +2 quarterstaff of chaos
Missiles
 k - 142 stones (quivered)
 o - 20 bolts
 x - 7 needles of confusion
 y - 33 poisoned needles
 A - 8 sling bullets of frost
 E - 8 arrows
Armour
 b - a +0 leather armour (worn)
 j - a +0 pair of boots (worn)
 G - a +0 cloak (worn)
Jewellery
 l - a +3 ring of evasion (left hand)
 u - an uncursed ring of teleportation
Wands
 c - a wand of flame (4/48)
 d - a wand of enslavement (14/24)
 e - a wand of random effects (0/48)
 f - a wand of heal wounds (0/9)
 h - a wand of random effects (19/48)
Scrolls
 i - a scroll of blinking {unknown}
 z - 3 scrolls of identify {unknown}
 B - a scroll of teleportation
 D - 3 scrolls of recharging {unknown}
Potions
 t - a potion of heal wounds
 w - a potion of curing
Books
 q - a book of Minor Magic

   Spells                             Type                      Level
   a - Magic Dart                     Conjuration                  1
   b - Blink                          Translocation                2
   c - Call Imp                       Summoning                    2
   d - Repel Missiles                 Charms/Air                   2
   e - Slow                           Hexes                        2
   f - Conjure Flame                  Conjuration/Fire             3
   g - Mephitic Cloud                 Conjuration/Poison/Air       3
 s - a book of Cantrips

   Spells                             Type                      Level
   a - Corona                         Hexes                        1
   b - Animate Skeleton               Necromancy                   1
   c - Summon Small Mammal            Summoning                    1
   d - Apportation                    Translocation                1
Comestibles
 g - 6 bread rations
 n - 5 meat rations
 r - 2 fruits


   Skills:
 - Level 0.8 Fighting
 - Level 0.8 Short Blades
 - Level 4.5 Armour
 * Level 6.1 Dodging
 - Level 1.2 Stealth
 - Level 4.0 Evocations


You had 3 spell levels left.
You knew the following spells:

 Your Spells              Type           Power        Failure   Level  Hunger
a - Blink                 Tloc           N/A          77%         2    ###....


Dungeon Overview and Level Annotations

Branches:
Dungeon (5/15)
 Temple: D:4-7

Altars:
Dithmenos
Fedhas
Makhleb
Vehumet

Shops:
D:4 %


Innate Abilities, Weirdness & Mutations

You are resistant to damage.
You can recharge devices by infusing magical energy.
You passively map a small area around you.
You do not regenerate naturally.
Scrolls take you a little longer to read.
You possess an exceptional clarity of mind.
You are clumsy. (Dex -2)
Armour fits poorly on your strangely shaped body.
Your system is resistant to poisons.
You occasionally shout uncontrollably at your foes.
Your spells are a little harder to cast, but a little more powerful.


Message History

The crimson imp lashes its tail.
The ogre hits you with a giant club. The crimson imp barely misses you.
You completely miss the ogre.
The ogre is lightly wounded.
The ogre hits you with a giant club!!
* * * LOW HITPOINT WARNING * * *
The crimson imp barely misses you.
You hit the ogre.
You feel better.
The ogre is moderately wounded.
The ogre misses you.
The crimson imp blinks!
You hit the ogre.
The ogre is heavily wounded.
All of the chunks of flesh in your inventory have rotted away.
You hit the ogre.
You feel better.
The ogre is heavily wounded.
The ogre misses you.
You hit the ogre.
You feel better.
The ogre is heavily wounded.
The crimson imp blinks!
The ogre hits you with a giant club!!
You die...

#......#...........#
,.... ,
#.##+###...........#
, #. #....###....#
,, , .#
##....###....#* , +
#.......#....#, , ,
, #.......'....# ,
#.......#....# ,
,+.......#....#, ,
#########@####* +
........O...... , ,
..........ยง...., ,
............... ,
............... , ,,
, ........5...... ,
..[............ , ,
............... ,*
,, , ,


You could see an ogre and a crimson imp.

Vanquished Creatures
  A centaur (D:5)
  A howler monkey (D:4)
  A giant frog skeleton (D:4)
  Crazy Yiuf (D:4)
  A centaur skeleton (D:5)
  10 river rats (D:4)
  5 adders
  2 worms
  2 dart slugs
  5 giant geckos
  An orc (D:3)
  A giant cockroach (D:3)
  6 goblins
  A hobgoblin (D:2)
  5 jackals
  2 bats (D:1)
  4 giant newts
  6 kobolds
  16 rats
  A fungus (D:4)
72 creatures vanquished.

Vanquished Creatures (others)
  An adder (D:2)
1 creature vanquished.

Grand Total: 73 creatures vanquished

Notes
Turn   | Place    | Note
--------------------------------------------------------------
     0 | D:1      | Fabri the Deep Dwarf Artificer began the quest for the Orb.
     0 | D:1      | Reached XP level 1. HP: 16/16 MP: 3/3
   209 | D:1      | Reached skill level 1 in Armour
   341 | D:1      | Reached XP level 2. HP: 18/24 MP: 5/5
   899 | D:2      | Found a radiant altar of Vehumet.
   996 | D:2      | Reached XP level 3. HP: 30/30 MP: 6/6
  1192 | D:2      | Found a blossoming altar of Fedhas.
  1737 | D:3      | Learned a level 2 spell: Blink
  1835 | D:3      | Reached XP level 4. HP: 37/37 MP: 7/7
  2562 | D:3      | Gained mutation: Armour fits poorly on your strangely shaped body. [potion of mutation]
  2562 | D:3      | Gained mutation: You occasionally shout uncontrollably at your foes. [potion of mutation]
  2562 | D:3      | Gained mutation: You possess an exceptional clarity of mind. [potion of mutation]
  2564 | D:3      | Gained mutation: Your system is resistant to poisons. [potion of mutation]
  2564 | D:3      | Gained mutation: Your spells are a little harder to cast, but a little more powerful. [potion of mutation]
  2564 | D:3      | Gained mutation: You have a pair of small horns on your head. [potion of mutation]
  2598 | D:4      | Found a shadowy altar of Dithmenos.
  2727 | D:4      | Reached skill level 3 in Dodging
  2755 | D:4      | Reached XP level 5. HP: 43/43 MP: 8/8
  2852 | D:4      | Reached skill level 4 in Dodging
  2914 | D:4      | Found Feomunira's Food Boutique.
  3215 | D:4      | Found a burning altar of Makhleb.
  3522 | D:4      | Reached skill level 5 in Dodging
  3522 | D:4      | Reached XP level 6. HP: 30/50 MP: 9/9
  3677 | D:4      | Noticed Crazy Yiuf
  3681 | D:4      | Killed Crazy Yiuf
  3690 | D:4      | Lost mutation: You have a pair of small horns on your head. [potion of mutation]
  3690 | D:4      | Gained mutation: Scrolls take you a little longer to read. [potion of mutation]
  3690 | D:4      | Gained mutation: You are clumsy. (Dex -2) [potion of mutation]
  3812 | D:5      | Entered Level 5 of the Dungeon
  3885 | D:5      | Reached skill level 6 in Dodging
  3927 | D:5      | Mangled by an ogre

Vault maps used:
D:1:      scummos_arrival_gate, corexii_corridor_pit
D:2:      overflow_temple_1_default, lemuel_doored_altar
D:3:      serial_corexii_hall, corexii_hall_statues_u, corexii_hall_statues_x
D:4:      kennysheep_mini_moat, kennysheep_mini, serial_shops, shop,
          dk_rats_in_the_wall, uniq_crazy_yiuf_cottage
D:5:      serial_shops, nicolae_shop_statue_plus, nicolae_shop_crystal,
          first_bread

Skill      XL: |  1  2  3  4  5  6 |
---------------+-------------------+-----
Armour         | 1 3 4 |  4.5
Dodging        | 3 5 6 |  6.1
Fighting       | |  0.8
Short Blades   | |  0.8
Stealth        | |  1.2
Evocations     | |  4.0

Action                   |  1- 3 |  4- 6 || total
-------------------------+-------+-------++-------
Melee: Short sword       |    42 |       ||    42
       Whip              |    10 |       ||    10
       Dagger            |    72 |   364 ||   436
Evoke: Wand              |    14 |    18 ||    32
  Use: Scroll            |     6 |     2 ||     8
       Potion            |     4 |     5 ||     9
 Stab: Sleeping          |     2 |     2 ||     4
  Eat: Bread ration      |     1 |       ||     1
       Beef jerky        |     1 |       ||     1
       Chunk             |     1 |     7 ||     8
       Fruit             |       |     1 ||     1
